[Event "ICC tourney 2246 (120 10)"]
[Site "Internet Chess Club"]
[Date "2020.12.27"]
[Round "4"]
[White "Agabus"]
[Black "buptwy"]
[Result "1-0"]
[ICCResult "Black checkmated"]
[WhiteElo "1145"]
[BlackElo "830"]
[Opening "Richter-Veresov attack"]
[ECO "D01"]
[NIC "QP.07"]
[Time "17:18:20"]
[PlyCount "123"]
[TimeControl "7200+10"]

1. d4 Nf6 2. Nc3 d5 3. Bg5 g6 4. Bxf6 exf6 5. f3 Bh6 6. e4 dxe4 7. fxe4 O-O
8. Nf3 Re8 9. Be2 Bg4 10. Qd3 f5 11. O-O fxe4 12. Nxe4 Bf5 13. Ne5 Bxe4 14.
Qxe4 Bg7 15. Qxb7 Qxd4+ 16. Kh1 Nd7 17. Nxd7 Qxd7 18. Bb5 Qc8 19. Qd5 Rd8
20. Qxf7+ Kh8 21. Bc4 Rf8 22. Qe7 Rxf1+ 23. Rxf1 Bf8 24. Qf7 Bg7 25. b3 Qg4
26. Qxc7 a5 27. a4 Qd4 28. Qe7 Rc8 29. h3 h5 30. Bd3 Kh7 31. Qe6 Bf6 32.
Qxc8 Qd8 33. Qe6 Kg7 34. Rxf6 Qxf6 35. Qxf6+ Kxf6 36. Kg1 Ke5 37. Bxg6 h4
38. Kf2 Kf4 39. c4 Ke5 40. Bf7 Kd6 41. Ke3 Kc5 42. Kd3 Kc6 43. Kd4 Kb6 44.
c5+ Kc6 45. Bd5+ Kc7 46. Kc4 Kd7 47. Kb5 Kc8 48. Kb6 Kb8 49. c6 Kc8 50. c7
Kd7 51. Kb7 Kd6 52. Bc4 Ke5 53. c8=Q Kd4 54. Qg4+ Ke3 55. Qf3+ Kd4 56. Qd5+
Ke3 57. Qe5+ Kf2 58. Qe4 Kg3 59. Qf3+ Kh2 60. Bf1 Kg1 61. g4 hxg3 62. Qg2#
{ Black checkmated } 1-0

[Event "ICC tourney 2246 (120 10)"]
[Site "Internet Chess Club"]
[Date "2020.12.27"]
[Round "4"]
[White "SMILERG"]
[Black "chessrdu20"]
[Result "1-0"]
[ICCResult "Black checkmated"]
[WhiteElo "1247"]
[BlackElo "1074"]
[Opening "Queen's pawn game"]
[ECO "D02"]
[NIC "QP.08"]
[Time "17:17:43"]
[PlyCount "159"]
[TimeControl "7200+10"]

1. d4 d5 2. Nf3 Bf5 3. Bf4 Nc6 4. e3 a6 5. Bd3 Bg6 6. c3 Nf6 7. Qc2 e6 8.
Nbd2 Bd6 9. Bg3 Qe7 10. b4 e5 11. dxe5 Nxe5 12. Nxe5 Bxe5 13. O-O Bxg3 14.
hxg3 O-O 15. Rfe1 Rfe8 16. f3 Rad8 17. Bxg6 fxg6 18. e4 dxe4 19. Nxe4 Nxe4
20. Rxe4 Qd6 21. Qb3+ Kh8 22. Rxe8+ Rxe8 23. f4 Qd3 24. Qf7 Qd8 25. Kh2 Rf8
26. Qc4 h6 27. Qe4 c6 28. Qxg6 Qf6 29. Qxf6 Rxf6 30. Rd1 Rf7 31. a4 b5 32.
a5 Kh7 33. Rd6 Rc7 34. Kh3 Kg8 35. Rd8+ Kf7 36. Ra8 Rd7 37. Rxa6 Rd1 38.
Rxc6 Ra1 39. a6 h5 40. g4 Rh1+ 41. Kg3 h4+ 42. Kf3 Ra1 43. Rc7+ Kg6 44. a7
Kh6 45. Ke3 g6 46. g5+ Kh5 47. Kf3 Rf1+ 48. Ke2 Ra1 49. Kf3 Rf1+ 50. Ke4
Ra1 51. f5 Kxg5 52. fxg6 Kxg6 53. Kd5 Kg5 54. Kc6 Kg4 55. Kb6 Kg3 56. Rc8
Kxg2 57. a8=Q+ Rxa8 58. Rxa8 h3 59. Rh8 h2 60. Rxh2+ Kxh2 61. Kxb5 Kg3 62.
Kc6 Kf4 63. b5 Ke3 64. b6 Kd3 65. b7 Kxc3 66. b8=Q Kd4 67. Qb5 Ke4 68. Qc5
Kd3 69. Qb4 Ke3 70. Qc4 Kf3 71. Qd4 Ke2 72. Qc3 Kf2 73. Qd3 Kg2 74. Qe3 Kf1
75. Qd2 Kg1 76. Qe2 Kh1 77. Kd5 Kg1 78. Ke4 Kh1 79. Kf3 Kg1 80. Qg2# {
Black checkmated } 1-0

[Event "ICC tourney 2246 (120 10)"]
[Site "Internet Chess Club"]
[Date "2020.12.27"]
[Round "4"]
[White "saahilkajarekar"]
[Black "caracleliem2"]
[Result "0-1"]
[ICCResult "White checkmated"]
[WhiteElo "910"]
[BlackElo "1152"]
[Opening "QGD semi-Slav"]
[ECO "D43"]
[NIC "SL.03"]
[Time "17:17:40"]
[PlyCount "98"]
[TimeControl "7200+10"]

1. d4 d5 2. c4 c6 3. Nc3 Nf6 4. Nf3 e6 5. Bf4 Nbd7 6. e3 dxc4 7. Bxc4 b5 8.
Bb3 a6 9. Bc2 Bb4 10. O-O O-O 11. Ne4 Bb7 12. a3 Be7 13. b4 a5 14. Nc5 Nxc5
15. bxc5 Ba6 16. Bd3 Re8 17. Ne5 Bb7 18. Be2 Nd5 19. Qd2 Nxf4 20. exf4 Bxc5
21. Rfd1 Be7 22. Bf3 Rc8 23. a4 b4 24. Rac1 Qd6 25. Qc2 f6 26. Nxc6 Bxc6
27. Bxc6 b3 28. Qxb3 Rxc6 29. Qb5 Rec8 30. Rxc6 Rxc6 31. g3 Qd5 32. Qb7 Qd6
33. Rb1 Rc7 34. Qb5 Qd8 35. Qxa5 Rc1+ 36. Rxc1 Qxa5 37. Rc6 Qxa4 38. Rxe6
Kf7 39. Re4 f5 40. Re5 Kf6 41. Rd5 Qa1+ 42. Kg2 Qa8 43. h3 Qxd5+ 44. Kh2
Qxd4 45. Kg2 Bc5 46. h4 Qxf2+ 47. Kh3 Qf1+ 48. Kh2 Qg1+ 49. Kh3 Qh1# {
White checkmated } 0-1

[Event "ICC tourney 2246 (120 10)"]
[Site "Internet Chess Club"]
[Date "2020.12.27"]
[Round "4"]
[White "aWildNateDawg"]
[Black "citation"]
[Result "1-0"]
[ICCResult "Black resigns"]
[WhiteElo "1109"]
[BlackElo "892"]
[Opening "Sicilian: Scheveningen (Paulsen), classical variation"]
[ECO "B84"]
[NIC "SI.23"]
[Time "17:17:54"]
[PlyCount "53"]
[TimeControl "7200+10"]

1. e4 c5 2. Nf3 d6 3. d4 cxd4 4. Nxd4 a6 5. Nc3 e6 6. Be2 Nf6 7. O-O Be7 8.
Be3 O-O 9. a4 Qc7 10. Qd3 Nbd7 11. Nb3 Rd8 12. a5 Ne5 13. Qd1 Nc4 14. Bxc4
Qxc4 15. Bb6 Rd7 16. Nd4 e5 17. Ra4 Qxa4 18. Nxa4 exd4 19. Qxd4 Ne8 20. Nc3
Bf6 21. Qd3 Re7 22. Nd5 Re5 23. f4 Rh5 24. Nxf6+ Nxf6 25. Qxd6 Bd7 26. e5
Rc8 27. exf6 { Black resigns } 1-0

[Event "ICC tourney 2246 (120 10)"]
[Site "Internet Chess Club"]
[Date "2020.12.27"]
[Round "4"]
[White "mohitmukkollu"]
[Black "potatos22"]
[Result "0-1"]
[ICCResult "White resigns"]
[WhiteElo "1225"]
[BlackElo "1088"]
[Opening "Giuoco Piano"]
[ECO "C54"]
[NIC "IG.02"]
[Time "17:17:52"]
[PlyCount "141"]
[TimeControl "7200+10"]

1. e4 e5 2. Nf3 Nc6 3. Bc4 Bc5 4. c3 Nf6 5. d3 h6 6. Be3 d6 7. Nbd2 O-O 8.
Bxc5 dxc5 9. Qc2 Bg4 10. O-O Nh5 11. h3 Bd7 12. Nb3 b6 13. Bd5 Qf6 14. Bxc6
Bxc6 15. Nc1 Rfe8 16. Ne2 Qg6 17. Nh2 Bd7 18. g4 Nf6 19. f3 h5 20. Ng3 hxg4
21. fxg4 Qh6 22. Qg2 Qe3+ 23. Kh1 Qxd3 24. Rad1 Qc4 25. Rxf6 gxf6 26. Rxd7
Qxa2 27. Nh5 Qe6 28. Qf2 Red8 29. Rxd8+ Rxd8 30. Nxf6+ Kg7 31. Nd5 c6 32.
Ne3 Qf6 33. Nf5+ Kf8 34. Nf3 Qh8 35. Qg3 f6 36. N3h4 Qg8 37. Qf3 Qg5 38.
Ng2 Qc1+ 39. Kh2 Rd1 40. Ng3 Ke7 41. h4 Rd2 42. h5 Rxb2 43. h6 Qxh6+ 44.
Nh5 Qg5 45. Kh3 Rb1 46. Nh4 Re1 47. Nf5+ Kf8 48. Kh2 Qd2+ 49. Kh3 Qc1 50.
Nfg3 Qh6 51. Qxf6+ Qxf6 52. Nxf6 Kf7 53. g5 Re3 54. Kg4 Kg6 55. Nf5 Rxc3
56. Nh4+ Kg7 57. Kf5 a5 58. Nh5+ Kg8 59. g6 Rc1 60. g7 Rg1 61. Ng6 Kf7 62.
Nxe5+ Kg8 63. Nxc6 Rxg7 64. Nxg7 Kxg7 65. e5 Kf7 66. e6+ Ke8 67. e7 a4 68.
Kf6 a3 69. Ne5 a2 70. Ke6 a1=Q 71. Nf7 { White resigns } 0-1

[Event "ICC tourney 2246 (120 10)"]
[Site "Internet Chess Club"]
[Date "2020.12.27"]
[Round "4"]
[White "gauravgupta"]
[Black "johnzabraham"]
[Result "1-0"]
[ICCResult "Black checkmated"]
[WhiteElo "1164"]
[BlackElo "1120"]
[Opening "French: exchange variation"]
[ECO "C01"]
[NIC "FR.01"]
[Time "17:17:46"]
[PlyCount "125"]
[TimeControl "7200+10"]

1. e4 e6 2. d4 d5 3. exd5 exd5 4. c4 c6 5. Nf3 Nf6 6. Nc3 Be7 7. c5 O-O 8.
h3 Re8 9. Be2 Bf5 10. O-O Nbd7 11. Nh4 Bg6 12. Bf4 Ne4 13. Nxg6 Nxc3 14.
bxc3 hxg6 15. c4 Nf6 16. Re1 Ne4 17. Bf3 f5 18. cxd5 cxd5 19. Qb3 Bf6 20.
Bxe4 fxe4 21. Bd6 Kh7 22. Qxd5 Be7 23. Qxe4 Bxd6 24. Qxe8 Qxe8 25. Rxe8
Rxe8 26. cxd6 Rd8 27. Rb1 b6 28. Rb4 Rxd6 29. a4 Rd5 30. f4 g5 31. fxg5
Rxg5 32. g4 Kg6 33. Kf2 Kf6 34. Rb5 Rxb5 35. axb5 Ke6 36. h4 Kd5 37. h5
Kxd4 38. g5 Ke5 39. h6 gxh6 40. gxh6 Kf6 41. Ke3 Kg6 42. Kd4 Kxh6 43. Kd5
Kg6 44. Kc6 Kf6 45. Kb7 Ke7 46. Kxa7 Kd7 47. Kxb6 Kc8 48. Ka7 Kc7 49. b6+
Kc8 50. b7+ Kc7 51. b8=Q+ Kc6 52. Qd8 Kc5 53. Qd7 Kc4 54. Qd6 Kc3 55. Qd5
Kc2 56. Qf3 Kd2 57. Kb6 Kc2 58. Qe3 Kd1 59. Qf2 Kc1 60. Kc5 Kb1 61. Kc4 Kc1
62. Kc3 Kd1 63. Qd2# { Black checkmated } 1-0

[Event "ICC tourney 2246 (120 10)"]
[Site "Internet Chess Club"]
[Date "2020.12.27"]
[Round "4"]
[White "varunprabhu"]
[Black "Zohranvalliani"]
[Result "1-0"]
[ICCResult "Black checkmated"]
[WhiteElo "644"]
[BlackElo "973"]
[Opening "Sicilian: closed"]
[ECO "B23"]
[NIC "SI.44"]
[Time "17:18:20"]
[PlyCount "115"]
[TimeControl "7200+10"]

1. e4 c5 2. Nc3 e6 3. Nf3 d5 4. d4 cxd4 5. Nxd4 Nc6 6. Bb5 Bd7 7. Nf3 a6 8.
Be2 Nge7 9. O-O Bc8 10. Be3 b5 11. a3 Bb7 12. exd5 Nxd5 13. Nxd5 exd5 14.
c3 Be7 15. Qd2 O-O 16. Bd1 Na5 17. Bc2 Bf6 18. Qd3 g6 19. b4 Nc4 20. Ra2
Qc7 21. Bd4 Bg7 22. Bxg7 Kxg7 23. Qd4+ Kg8 24. Qh4 Qc6 25. Ng5 h5 26. g4 f6
27. Nh3 d4 28. f3 Nd2 29. Bd1 dxc3 30. gxh5 gxh5 31. Rf2 Qc4 32. Rg2+ Kf7
33. Qxh5+ Ke7 34. Re2+ Kd8 35. Rc2 Bxf3 36. Rexd2+ cxd2 37. Rxd2+ Kc7 38.
Qxf3 Qe6 39. Rc2+ Kb8 40. Qf4+ Qe5 41. Qf2 Ra7 42. Qb6+ Rb7 43. Qf2 Rd8 44.
Bf3 Qa1+ 45. Qf1 Qxf1+ 46. Kxf1 Re7 47. Rc6 Rd3 48. Rb6+ Ka7 49. Rxf6 Rxa3
50. Ng5 Rg7 51. h4 Rb3 52. Ne6 Rg3 53. Rf7+ Kb8 54. Rf8+ Ka7 55. Ra8+ Kb6
56. Rb8+ Ka7 57. Rb7+ Ka8 58. Nc7# { Black checkmated } 1-0

[Event "ICC tourney 2246 (120 10)"]
[Site "Internet Chess Club"]
[Date "2020.12.27"]
[Round "4"]
[White "cfetteroll"]
[Black "acgc"]
[Result "1/2-1/2"]
[ICCResult "Game drawn by mutual agreement"]
[WhiteElo "1275"]
[BlackElo "946"]
[Opening "Queen's pawn game"]
[ECO "D00"]
[NIC "QP.08"]
[Time "17:17:49"]
[PlyCount "152"]
[TimeControl "7200+10"]

1. d4 d5 2. g3 Nf6 3. Bg2 Nc6 4. e3 Bf5 5. Ne2 e6 6. O-O Bd6 7. c4 dxc4 8.
Nbc3 O-O 9. b3 cxb3 10. Qxb3 Rb8 11. a4 e5 12. Nb5 Be6 13. d5 Na5 14. Qc3
Nxd5 15. Bxd5 Bxd5 16. Qxa5 b6 17. Qd2 Bc5 18. Rd1 c6 19. Nbc3 Bb4 20. Ba3
Bxc3 21. Qxc3 Re8 22. e4 b5 23. exd5 cxd5 24. axb5 Rxb5 25. Qd3 Qd7 26. Nc3
Ra5 27. Bb4 Rxa1 28. Rxa1 d4 29. Bc5 Ra8 30. Qe4 Rc8 31. Rxa7 Qe8 32. Na4
g6 33. Nb6 Rd8 34. Re7 Qb5 35. Qxe5 d3 36. Bd4 Qxe5 37. Rxe5 Rxd4 38. Re1
Kg7 39. Rd1 Kf6 40. f4 Kf5 41. Kf2 Ke4 42. Re1+ Kf5 43. Ke3 Re4+ 44. Kd2
Rd4 45. Re3 Kg4 46. Rxd3 Rxd3+ 47. Kxd3 Kh3 48. Ke3 Kxh2 49. Kf3 Kh3 50.
Nd5 h6 51. Nf6 g5 52. f5 g4+ 53. Nxg4 h5 54. Nh6 f6 55. Ng8 h4 56. gxh4
Kxh4 57. Nxf6 Kg5 58. Ke4 Kxf6 59. Kf4 Kf7 60. Ke5 Ke7 61. Kd5 Kf6 62. Ke4
Ke7 63. Ke5 Kf7 64. f6 Kf8 65. Ke6 Ke8 66. Kd6 Kf7 67. Ke5 Kf8 68. Ke6 Ke8
69. Kd6 Kf7 70. Ke5 Kf8 71. Ke6 Ke8 72. Kf5 Kf7 73. Kg5 Kg8 74. Kh6 Kf7 75.
Kg5 Kf8 76. Kg6 Kg8 { Game drawn by mutual agreement } 1/2-1/2

[Event "ICC tourney 2246 (120 10)"]
[Site "Internet Chess Club"]
[Date "2020.12.27"]
[Round "4"]
[White "DanielGuan"]
[Black "MatthewDiao"]
[Result "0-1"]
[ICCResult "White resigns"]
[WhiteElo "985"]
[BlackElo "1178"]
[Opening "QGD: exchange, positional line"]
[ECO "D35"]
[NIC "QO.17"]
[Time "17:17:38"]
[PlyCount "136"]
[TimeControl "7200+10"]

1. d4 e6 2. c4 d5 3. cxd5 exd5 4. Nc3 Nf6 5. Bg5 Be7 6. Nf3 h6 7. Bd2 O-O
8. e3 b6 9. Bd3 Bb7 10. O-O a6 11. a3 c5 12. dxc5 bxc5 13. Na4 Nbd7 14. b4
c4 15. Be2 Ne4 16. Nc3 Nxd2 17. Qxd2 Nb6 18. Rad1 Qc7 19. Nd4 Rad8 20. Bf3
Bf6 21. Nde2 Rd6 22. Nd4 g6 23. Qc2 Rfd8 24. Rd2 Qd7 25. Rfd1 Kg7 26. h3 h5
27. Be2 Nc8 28. Na4 Nb6 29. Nc5 Qc7 30. Nf3 Nd7 31. Nxd7 R6xd7 32. Nd4 Rd6
33. Rb1 Bc8 34. Qc3 Kh7 35. Rc1 Qb6 36. Qc2 Kg8 37. Rcd1 R8d7 38. Bf3 Rc7
39. Qc3 Bf5 40. Rc1 Rd8 41. Ra2 Be5 42. Qd2 Be4 43. Be2 Bd3 44. Bxd3 cxd3
45. Rxc7 Qxc7 46. Nf3 d4 47. Nxe5 dxe3 48. Qxe3 d2 49. Rxd2 Qc1+ 50. Kh2
Qxd2 51. Qf3 Qd5 52. Qxd5 Rxd5 53. Nc6 Rd6 54. Na5 Rd3 55. Nc4 Rc3 56. Na5
Rxa3 57. Nb7 Kf8 58. f3 Ke7 59. Kg3 g5 60. Kh2 Kd7 61. Nc5+ Kc6 62. Ne4 Kb5
63. Nxg5 Kxb4 64. Nxf7 a5 65. Ne5 a4 66. f4 Re3 67. Nf3 Rxf3 68. gxf3 a3 {
White resigns } 0-1

[Event "ICC tourney 2246 (120 10)"]
[Site "Internet Chess Club"]
[Date "2020.12.27"]
[Round "4"]
[White "jayburd56"]
[Black "joshebow"]
[Result "0-1"]
[ICCResult "White checkmated"]
[WhiteElo "1298"]
[BlackElo "673"]
[Opening "Sicilian: Alapin's variation (2.c3)"]
[ECO "B22"]
[NIC "SI.46"]
[Time "17:17:51"]
[PlyCount "62"]
[TimeControl "7200+10"]

1. e4 c5 2. c3 e5 3. d4 cxd4 4. cxd4 exd4 5. Qxd4 Nc6 6. Qd1 Bc5 7. Nf3 Nf6
8. Bc4 O-O 9. O-O Nxe4 10. Qd5 Qe7 11. Ng5 Nxf2 12. Qf3 Nh3+ 13. Kh1 Nxg5
14. Qh5 h6 15. Bxg5 Qxg5 16. Bxf7+ Kh8 17. Qe2 Nd4 18. Qc4 d5 19. Qxc5 Ne6
20. Qc3 b5 21. Nd2 Bb7 22. Bxe6 d4 23. Qg3 Qxd2 24. Rae1 Qxb2 25. Bf5 Qc3
26. Qg6 Rxf5 27. Re8+ Rxe8 28. Qxe8+ Kh7 29. Rxf5 Qc1+ 30. Qe1 Qxe1+ 31.
Rf1 Qxf1# { White checkmated } 0-1

[Event "ICC tourney 2246 (120 10)"]
[Site "Internet Chess Club"]
[Date "2020.12.27"]
[Round "4"]
[White "nb12"]
[Black "chessadpa"]
[Result "1-0"]
[ICCResult "Black resigns"]
[WhiteElo "1176"]
[BlackElo "1132"]
[Opening "Owen defense"]
[ECO "B00"]
[NIC "VO.01"]
[Time "17:17:53"]
[PlyCount "143"]
[TimeControl "7200+10"]

1. e4 b6 2. d4 e6 3. Nc3 Bb4 4. Nf3 Nf6 5. Bd3 Bb7 6. Bg5 O-O 7. e5 h6 8.
Bh4 Be7 9. exf6 Bxf6 10. Bxf6 Qxf6 11. Be2 d6 12. Qd2 Qg6 13. Rg1 Nc6 14.
O-O-O a5 15. a3 e5 16. dxe5 dxe5 17. Bd3 Qe6 18. Kb1 Kh8 19. Nb5 Qe7 20.
Nc3 Rfd8 21. Qe3 f5 22. Bxf5 Rxd1+ 23. Rxd1 Rf8 24. Be4 Qf7 25. Nxe5 Qf6
26. Nxc6 Bxc6 27. Bxc6 Qxc6 28. f3 Qg6 29. Rd2 Qh5 30. g4 Qf7 31. Rf2 Re8
32. Qd2 Qf6 33. Ne4 Qe7 34. Qd3 Rd8 35. Qc4 c5 36. Rd2 Rf8 37. Qd3 Qe6 38.
Qd6 Qf7 39. Rd3 c4 40. Rc3 b5 41. h4 Ra8 42. h5 Qa7 43. Qc5 Qd7 44. Qd6 Qa7
45. Nc5 b4 46. Rxc4 bxa3 47. b3 Qf7 48. Qc6 Rd8 49. Nd3 Re8 50. Ka2 Qf8 51.
f4 Qf7 52. Kxa3 Re6 53. Qd5 Qf6 54. Ka2 Rd6 55. Qe5 Qd8 56. Qc5 Qf6 57.
Qc8+ Rd8 58. Qf5 Qa6 59. Rc5 Rb8 60. Rxa5 Qd6 61. Qe5 Qb6 62. g5 Rc8 63.
Rc5 Ra8+ 64. Kb2 Qa6 65. Kc1 hxg5 66. fxg5 Rf8 67. Kd2 Kg8 68. Qd5+ Kh8 69.
Qc4 Qg6 70. hxg6 Rf2+ 71. Kc3 Rxc2+ 72. Kb4 { Black resigns } 1-0

[Event "ICC tourney 2246 (120 10)"]
[Site "Internet Chess Club"]
[Date "2020.12.27"]
[Round "4"]
[White "GagikG2009"]
[Black "BArkadia"]
[Result "1/2-1/2"]
[ICCResult "Game drawn by mutual agreement"]
[WhiteElo "1130"]
[BlackElo "1043"]
[Opening "Old Indian defense"]
[ECO "E61"]
[NIC "KI.76"]
[Time "17:17:51"]
[PlyCount "133"]
[TimeControl "7200+10"]

1. d4 Nf6 2. c4 d6 3. Nc3 g6 4. Nf3 Bg7 5. Bf4 O-O 6. e3 Nbd7 7. Bd3 Re8 8.
Bg3 e5 9. dxe5 dxe5 10. Qc2 Nc5 11. Rd1 Ncd7 12. O-O Qe7 13. e4 b6 14. Nd5
Nxd5 15. cxd5 Nc5 16. Bb5 Bd7 17. Bc4 b5 18. Be2 f5 19. Nxe5 Bxe5 20. Bxe5
Qxe5 21. Qxc5 a6 22. Qc2 Qxe4 23. Qxe4 fxe4 24. f3 Rad8 25. fxe4 Rxe4 26.
Bf3 Re5 27. Rc1 Rc8 28. Rf2 g5 29. h3 Bf5 30. Rff1 a5 31. Rc3 b4 32. Rc5 h5
33. Bxh5 Be6 34. Rxa5 Rxd5 35. Rxd5 Bxd5 36. Rf5 Bxa2 37. Rxg5+ Kh7 38. Rc5
Kh6 39. Bf3 Rd8 40. Rc2 c5 41. h4 c4 42. Kf1 Bb1 43. Rc1 Ba2 44. Rd1 Rxd1+
45. Bxd1 b3 46. Bxb3 cxb3 47. Kf2 Kh5 48. Kg3 Bb1 49. Kh3 Bf5+ 50. Kg3 Be6
51. Kf4 Kxh4 52. g3+ Kh3 53. Kf3 Bg4+ 54. Kf2 Bd1 55. Ke1 Bc2 56. Kf2 Kg4
57. Kg2 Kf5 58. Kf3 Ke5 59. Ke3 Kf5 60. g4+ Kxg4 61. Kd2 Kf3 62. Kc1 Kf2
63. Kd2 Bb1 64. Kc1 Ba2 65. Kd2 Kf1 66. Kd1 Kf2 67. Kd2 { Game drawn by
mutual agreement } 1/2-1/2

[Event "ICC tourney 2246 (120 10)"]
[Site "Internet Chess Club"]
[Date "2020.12.27"]
[Round "4"]
[White "auggie29"]
[Black "sunnypatelsp"]
[Result "1-0"]
[ICCResult "Black checkmated"]
[WhiteElo "1095"]
[BlackElo "1163"]
[Opening "Queen's pawn"]
[ECO "A40"]
[NIC "QP.05"]
[Time "17:17:25"]
[PlyCount "135"]
[TimeControl "7200+10"]

1. d4 e6 2. Bf4 Nf6 3. Nf3 a6 4. e3 d5 5. Bd3 c5 6. c3 c4 7. Bc2 Nc6 8.
Nbd2 b6 9. e4 Nd7 10. Qe2 Be7 11. e5 g5 12. Bg3 g4 13. Ng1 h5 14. f3 Rg8
15. fxg4 hxg4 16. h3 Rh8 17. Qxg4 Bh4 18. O-O-O Bxg3 19. Qxg3 Qh4 20. Qxh4
Rxh4 21. Ngf3 Rh8 22. h4 f5 23. exf6 Nxf6 24. Bg6+ Kd7 25. h5 Ng4 26. Rh4
Nf2 27. Rf1 Nd3+ 28. Kc2 e5 29. dxe5 Ndxe5 30. Nxe5+ Nxe5 31. Bf5+ Ke7 32.
g4 Kf6 33. h6 Bxf5+ 34. Rxf5+ Ke6 35. Rhh5 Nxg4 36. Rfg5 Rag8 37. Rxg8 Rxg8
38. Nf3 Nf6 39. h7 Rh8 40. Ng5+ Ke7 41. Rh6 Ne8 42. Rxb6 Ng7 43. Rxa6 Ne8
44. Re6+ Kf8 45. a4 Kg7 46. a5 Nf6 47. a6 Kg6 48. Re5 Nxh7 49. Nxh7 Rxh7
50. Rxd5 Ra7 51. Rd6+ Kf5 52. Rc6 Ke5 53. Rxc4 Rxa6 54. b4 Kd5 55. Kb3 Ra2
56. Rc5+ Kd6 57. Kxa2 Kd7 58. Ka3 Kd6 59. Ka4 Kd7 60. Kb5 Kd6 61. Rc6+ Kd7
62. Kb6 Kd8 63. Rh6 Ke8 64. Rh7 Kd8 65. c4 Kc8 66. c5 Kd8 67. c6 Kc8 68.
Rh8# { Black checkmated } 1-0

[Event "ICC tourney 2246 (120 10)"]
[Site "Internet Chess Club"]
[Date "2020.12.27"]
[Round "4"]
[White "Aakash28"]
[Black "raadix028"]
[Result "1/2-1/2"]
[ICCResult "Game drawn by mutual agreement"]
[WhiteElo "1067"]
[BlackElo "819"]
[Opening "Benko's opening"]
[ECO "A00"]
[NIC "VO.09"]
[Time "17:17:54"]
[PlyCount "175"]
[TimeControl "7200+10"]

1. g3 e5 2. Bg2 d5 3. d3 Nf6 4. Nf3 Nc6 5. O-O Be6 6. Nfd2 Bd6 7. e4 d4 8.
c3 Bc5 9. cxd4 Nxd4 10. b4 Bxb4 11. Nf3 Qd6 12. Nbd2 Nc6 13. Bb2 Qxd3 14.
Bxe5 Nxe5 15. Nxe5 Qxd2 16. Qa4+ Ke7 17. Nf3 Bd7 18. Qb3 Qc3 19. Qxc3 Bxc3
20. Rac1 Ba5 21. Ne5 c6 22. Nxd7 Nxd7 23. f4 f6 24. Bf3 h5 25. Kg2 Rac8 26.
Rfd1 c5 27. Rd5 g6 28. a3 b6 29. Be2 h4 30. Bg4 Rc7 31. e5 f5 32. Be2 Nf8
33. Bc4 Rd7 34. Rxd7+ Nxd7 35. Rd1 h3+ 36. Kf3 Rd8 37. Rd5 Nf8 38. Rxd8
Kxd8 39. a4 Bd2 40. Ke2 Bb4 41. Kd3 Ke7 42. Kc2 a5 43. Bf1 Ne6 44. Bxh3
Nd4+ 45. Kd3 Ke6 46. Bg2 b5 47. axb5 Nxb5 48. Bb7 a4 49. Bc8+ Ke7 50. Ba6
Nd4 51. Bc4 Nf3 52. Kc2 a3 53. h3 Nd4+ 54. Kb1 Nc6 55. Ka2 Na5 56. Bd5 c4
57. Kb1 c3 58. g4 fxg4 59. hxg4 Bc5 60. Be4 Bd4 61. Bxg6 Nc4 62. Ka2 Bc5
63. g5 Ne3 64. Kb3 Nd5 65. Bb1 Ke6 66. g6 Bf8 67. Ba2 Kf5 68. Bb1+ Kxf4 69.
e6 Ke3 70. e7 Bxe7 71. g7 Nf6 72. Kxc3 Kf4 73. Bh7 Kg5 74. g8=Q+ Nxg8 75.
Bxg8 Kf6 76. Ba2 Ke5 77. Bg8 Bc5 78. Kc2 Kd4 79. Ba2 Bb4 80. Bg8 Bc5 81.
Ba2 Bb4 82. Be6 Ke5 83. Bb3 Kd4 84. Bg8 Kc5 85. Ba2 Kd4 86. Kb3 Kc5 87. Kc2
Kb5 88. Bb3 { Game drawn by mutual agreement } 1/2-1/2

[Event "ICC tourney 2246 (120 10)"]
[Site "Internet Chess Club"]
[Date "2020.12.28"]
[Round "5"]
[White "chessadpa"]
[Black "funchessethan"]
[Result "0-1"]
[ICCResult "White resigns"]
[WhiteElo "1132"]
[BlackElo "995"]
[Opening "QGD Slav defense"]
[ECO "D10"]
[NIC "SL.01"]
[Time "12:01:57"]
[PlyCount "72"]
[TimeControl "7200+10"]

1. d4 d5 2. c4 c6 3. Nc3 Nf6 4. g3 Bf5 5. Bf4 e6 6. a3 Bd6 7. Bxd6 Qxd6 8.
c5 Qc7 9. Bg2 Nbd7 10. Nf3 O-O 11. O-O Rfe8 12. e3 e5 13. Nh4 Be6 14. Nf3
exd4 15. exd4 Bg4 16. h3 Bh5 17. Qd3 Bg6 18. Qd2 Re7 19. Rfe1 Rae8 20. Rxe7
Rxe7 21. Re1 Qd8 22. Ne5 Nxe5 23. dxe5 Nd7 24. Qd4 Qe8 25. f4 f6 26. Nxd5
cxd5 27. Bxd5+ Kh8 28. e6 Nf8 29. g4 Nxe6 30. Bxe6 Rxe6 31. Rxe6 Qxe6 32.
f5 Qe1+ 33. Kg2 Bf7 34. Qd7 Bg8 35. Qxb7 Qd2+ 36. Kf3 Bd5+ { White resigns
} 0-1

[Event "ICC tourney 2246 (120 10)"]
[Site "Internet Chess Club"]
[Date "2020.12.28"]
[Round "5"]
[White "citation"]
[Black "Pranavthepro"]
[Result "1-0"]
[ICCResult "Black checkmated"]
[WhiteElo "892"]
[BlackElo "1078"]
[Opening "Scotch: Schmidt variation"]
[ECO "C45"]
[NIC "SO.04"]
[Time "12:01:51"]
[PlyCount "41"]
[TimeControl "7200+10"]

1. e4 e5 2. Nf3 Nc6 3. d4 exd4 4. Nxd4 Nf6 5. Nc3 Bb4 6. Bd2 Nxd4 7. Bc4
O-O 8. a3 Bxc3 9. Bxc3 Nc6 10. Qd2 Nxe4 11. Qe3 Re8 12. O-O-O Nxc3 13. Qxc3
Qg5+ 14. Kb1 Qf6 15. Qg3 Qg6 16. Qxc7 Ne5 17. Rhe1 Kf8 18. Rxe5 Rxe5 19.
Qxe5 b6 20. Re1 f6 21. Qe7# { Black checkmated } 1-0

[Event "ICC tourney 2246 (120 10)"]
[Site "Internet Chess Club"]
[Date "2020.12.28"]
[Round "5"]
[White "caracleliem2"]
[Black "IsaacCumes"]
[Result "1-0"]
[ICCResult "Black checkmated"]
[WhiteElo "1152"]
[BlackElo "962"]
[Opening "Ruy Lopez: Archangelsk (counterthrust) variation"]
[ECO "C70"]
[NIC "RL.09"]
[Time "12:01:54"]
[PlyCount "51"]
[TimeControl "7200+10"]

1. e4 e5 2. Nf3 Nc6 3. Bb5 a6 4. Ba4 b5 5. Bb3 Bb7 6. O-O Nf6 7. Re1 Bc5 8.
c3 O-O 9. d4 exd4 10. cxd4 Bb6 11. e5 Ng4 12. h3 Nh6 13. Bxh6 gxh6 14. Nc3
Ne7 15. Ne4 Ng6 16. Nf6+ Kh8 17. Qd2 Bxf3 18. Qxh6 Qxf6 19. exf6 Rg8 20.
Bxf7 Nf4 21. Bxg8 Rxg8 22. g3 Ne2+ 23. Kh2 Bxd4 24. f7 Rg6 25. Qf8+ Rg8 26.
fxg8=R# { Black checkmated } 1-0

[Event "ICC tourney 2246 (120 10)"]
[Site "Internet Chess Club"]
[Date "2020.12.28"]
[Round "5"]
[White "nikhilramkumar"]
[Black "Aakash28"]
[Result "0-1"]
[ICCResult "White resigns"]
[WhiteElo "830"]
[BlackElo "1067"]
[Opening "Robatsch (modern) defense"]
[ECO "B06"]
[NIC "KF.06"]
[Time "12:01:45"]
[PlyCount "68"]
[TimeControl "7200+10"]

1. e4 g6 2. Nc3 c5 3. Nf3 Nc6 4. Bc4 Bg7 5. O-O d6 6. h3 e6 7. d3 Nge7 8.
Re1 O-O 9. Bf4 Na5 10. e5 dxe5 11. Bxe5 b6 12. Bxg7 Kxg7 13. Bb5 a6 14. Bc4
Bb7 15. Ne4 Nxc4 16. dxc4 Qxd1 17. Raxd1 Rfd8 18. Rxd8 Rxd8 19. Ng3 Bxf3
20. gxf3 Rd2 21. Nf1 Rxc2 22. Rd1 Rxc4 23. Rd6 Nd5 24. Ne3 Rc1+ 25. Kg2
Nxe3+ 26. fxe3 Rc2+ 27. Kg3 Rxb2 28. f4 a5 29. h4 h5 30. Kf3 b5 31. Rc6 c4
32. Rb6 b4 33. Ra6 Rxa2 34. Rc6 c3 { White resigns } 0-1

[Event "ICC tourney 2246 (120 10)"]
[Site "Internet Chess Club"]
[Date "2020.12.28"]
[Round "5"]
[White "buptwy"]
[Black "avbhosale"]
[Result "1-0"]
[ICCResult "Black checkmated"]
[WhiteElo "830"]
[BlackElo "235"]
[Opening "Ruy Lopez: Berlin defense, 4.O-O, d6"]
[ECO "C66"]
[NIC "RL.02"]
[Time "12:01:59"]
[PlyCount "87"]
[TimeControl "7200+10"]

1. e4 e5 2. Nf3 Nc6 3. Bb5 d6 4. O-O Nf6 5. Re1 Be7 6. c3 O-O 7. h3 Be6 8.
d4 Nd7 9. d5 a6 10. dxe6 axb5 11. exd7 Qxd7 12. Be3 Qe6 13. Qd5 Qd7 14.
Nbd2 Rfd8 15. Nb3 Bf6 16. a3 Ne7 17. Qd2 c5 18. Rad1 Nc8 19. Nxc5 dxc5 20.
Qxd7 Rxd7 21. Rxd7 Rb8 22. Red1 Nb6 23. R7d3 c4 24. R3d2 Na4 25. Ba7 Ra8
26. g3 h6 27. Be3 b6 28. Nh4 Kh7 29. Nf5 g6 30. Nd6 Ra5 31. Nxf7 Kg7 32.
Nd8 Bxd8 33. Rxd8 Nxb2 34. R1d7+ Kf6 35. Bxb6 Rxa3 36. Rd6+ Kg5 37. Kg2
Rxc3 38. Rd5 b4 39. Rxe5+ Kf6 40. Bd4 g5 41. Rf5+ Kg6 42. Rd6+ Kh5 43. g4+
Kh4 44. Rxh6# { Black checkmated } 1-0